 Dungeon Crawl Stone Soup version 0.22-a0-283-g1871b15 (webtiles) character file.

4106 matakusis the Summoner (level 10, 0/50 HPs)
             Began as a Deep Elf Summoner on Mar 19, 2018.
             Was a Priest of Sif Muna.
             Slain by a nine-headed hydra (5 damage)
             ... on level 9 of the Dungeon.
             The game lasted 00:43:55 (9958 turns).

matakusis the Summoner (Deep Elf Summoner)          Turns: 9958, Time: 00:43:56

Health: 0/50       AC:  8    Str:  5    XL:     10   Next: 6%
Magic:  28/28      EV: 13    Int: 24    God:    Sif Muna [***...]
Gold:   131        SH:  0    Dex: 15    Spells: 13/29 levels left

rFire    . . .     SeeInvis .   l - +0 lajatang
rCold    . . .     Gourm    .   (shield currently unavailable)
rNeg     . . .     Faith    .   E - +1 robe "Sulasaus" {*Slow rElec rPois Slay+6}
rPois    +         Spirit   .   F - +2 hat
rElec    +         Reflect  .   (no cloak)
rCorr    .         Harm     .   t - +0 pair of gloves
MR       +....                  (no boots)
Stlth    ++........             n - amulet of magic regeneration
HPRegen  0.16/turn              z - ring of wizardry
MPRegen  0.46/turn              (no ring)

@: studying Slings
A: iridescent scales 1, high mp 1, mutation resistance 1
a: Divine Energy, Channel Magic, Renounce Religion


You were on level 9 of the Dungeon.
You worshipped Sif Muna.
Sif Muna was most pleased with you.
You were near starving.

You visited 2 branches of the dungeon, and saw 10 of its levels.

You collected 461 gold pieces.
You spent 330 gold pieces at shops.

Inventory:

Hand Weapons
 l - a +0 lajatang (weapon)
Missiles
 f - 194 stones (quivered)
 g - 253 arrows
Armour
 a - a +1 robe
 t - a +0 pair of gloves (worn)
 C - the +2 buckler of the Ancient Demons {rF+ Str+3 Int+8}
   (You found it on level 7 of the Dungeon)

   It affects your strength (+3).
   It affects your intelligence (+8).
   It protects you from fire.
 E - the +1 robe "Sulasaus" (worn) {*Slow rElec rPois Slay+6}
   (You found it on level 7 of the Dungeon)

   It affects your accuracy and damage with ranged weapons and melee attacks
   (+6).
   It insulates you from electricity.
   It protects you from poison.
   It may slow you when you take damage.
 F - a +2 hat (worn)
Jewellery
 k - an uncursed amulet of guardian spirit
 n - an amulet of magic regeneration (around neck)
 z - a ring of wizardry (left hand)
Wands
 r - a wand of iceblast (14)
 s - a wand of random effects (25)
 w - a wand of acid (4)
 y - a wand of flame (29)
Scrolls
 b - 5 scrolls of remove curse
 d - 7 scrolls of teleportation
 i - a scroll of fog
 j - 3 scrolls of enchant armour
 o - a scroll of enchant weapon
 q - 7 scrolls of identify
 u - 2 scrolls of magic mapping
Potions
 e - 2 potions of berserk rage
 h - a potion of flight
 m - 2 potions of curing
 p - a potion of haste
 v - 2 potions of brilliance
 x - 3 potions of cancellation
 A - a potion of resistance
 B - a potion of might
Books
 G - a manual of Slings
Comestibles
 c - 28 rations


   Skills:
 - Level 2.4 Dodging
 - Level 2.4 Stealth
 + Level 10.1 Spellcasting
 * Level 5.4 Hexes
 * Level 11.4 Summonings
 * Level 6.7 Ice Magic
 - Level 1.1 Air Magic


You had 13 spell levels left.
You knew the following spells:

 Your Spells              Type           Power        Failure   Level  Hunger
a - Summon Small Mammal   Summ           ####         1%          1    None
b - Call Imp              Summ           ######..     1%          2    None
c - Summon Ice Beast      Ice/Summ       ######..     1%          4    #......
d - Summon Lightning Spi  Summ/Air       #####...     1%          4    #......
e - Metabolic Englaciati  Hex/Ice        #####.....   4%          5    ####...


Dungeon Overview and Level Annotations

Branches:
Dungeon (9/15)             Temple (1/1) D:6            Lair (0/6) D:8
    Orc: D:9-12

Altars:
Ashenzari
Cheibriados
Dithmenos
Elyvilon
Fedhas
Gozag
Hepliaklqana
Kikubaaqudgha
Makhleb
Nemelex Xobeh
Okawaru
Qazlal
Ru
Sif Muna
Trog
Uskayaw
Vehumet
Wu Jian
Xom
Yredelemnul
Zin
The Shining One

Shops:
D:6 =   D:7 [


Innate Abilities, Weirdness & Mutations

You are partially covered in iridescent scales. (AC +2)
You have an increased reservoir of magic. (+10% MP)
You are somewhat resistant to further mutation.


Message History

The eight-headed hydra bites you.
* * * LOW HITPOINT WARNING * * *
The eight-headed hydra bites you but does no damage.
The eight-headed hydra misses you. x2
The eight-headed hydra bites you but does no damage.
The eight-headed hydra completely misses you.
The eight-headed hydra barely misses you.
Okay, then.
Okay, then.
Okay, then.
Okay, then.
Press: ? - help, . - travel You can't see that place. [an escape hatch in the ceiling.]
You chop one of the eight-headed hydra's heads off!
The seven-headed hydra grows two more!
You slash the nine-headed hydra!
The nine-headed hydra is lightly wounded.
The nine-headed hydra closely misses you. x2
The nine-headed hydra bites you.
You die...

#####.######
#......8...#
#..........#
#.....<......### .
..#............# .. #
#..........#.# ...
#.......>..#.# ....
#..........#.### .....
#..........#.@D##......
#..........###.^..%....
############ ####......
#####


You could see a nine-headed hydra.

Vanquished Creatures
  A bullfrog (D:7)
  A bullfrog zombie (D:7)
  A centaur skeleton (D:7)
  An iguana (D:4)
  Ijyb (D:4)
  An adder (D:8)
  An adder skeleton (D:4)
  An orc (D:4)
  A giant cockroach (D:4)
  A quokka (D:5)
  A plant (D:3)
11 creatures vanquished.

Vanquished Creatures (collateral kills)
  A hydra (D:8)
  A two-headed ogre (D:8)
  Pikel (D:8)
  2 komodo dragons
  Grinder (D:3)
  The ghost of zkyp the Cleaver, an amateur OpGl (D:4)
  The ghost of zkyp the Chopper, an amateur OpGl (D:3)
  2 dream sheep (D:8)
  Sigmund (D:4)
  2 yaks (D:8)
  Grum (D:8)
  A hungry ghost (D:8)
  A water moccasin (D:7)
  2 orc warriors (D:8)
  2 black bears
  2 ice beasts
  2 centaurs
  6 ogres
  3 wolves (D:8)
  14 big kobolds
  3 bullfrogs
  2 scorpions
  3 killer bees (D:8)
  4 wights (D:7)
  A howler monkey (D:4)
  3 crimson imps
  A jelly (D:8)
  A quasit (D:7)
  A centaur skeleton (D:5)
  A hound (D:5)
  2 orc priests
  A bullfrog skeleton (D:4)
  6 orc wizards
  3 worker ants
  A hound skeleton (D:6)
  A howler monkey skeleton (D:6)
  3 adders
  3 gnolls (D:5)
  An ooze (D:2)
  An adder zombie (D:8)
  2 adder skeletons
  2 worms
  4 dart slugs
  A leopard gecko (D:1)
  30 orcs
  6 bats
  5 giant cockroaches
  2 goblins (D:2)
  12 hobgoblins
  2 jackals (D:4)
  5 quokkas
  A ball python (D:1)
  7 frilled lizards
  16 kobolds
  A leopard gecko zombie (D:6)
  3 quokka skeletons
  17 rats
  4 plants
209 creatures vanquished.

Vanquished Creatures (others)
  2 slaves (D:8)
  A centaur (D:8)
3 creatures vanquished.

Grand Total: 223 creatures vanquished

Notes
Turn   | Place    | Note
-------+----------+-------------------------------------------
     0 | D:1      | matakusis the Deep Elf Summoner began the quest for the Orb.
     0 | D:1      | Reached XP level 1. HP: 10/10 MP: 6/6
   248 | D:1      | Reached XP level 2. HP: 14/15 MP: 6/8
   252 | D:1      | Learned a level 2 spell: Call Imp
   363 | D:1      | Reached skill level 5 in Summonings
  1283 | D:2      | Reached XP level 3. HP: 11/19 MP: 2/9
  1897 | D:2      | Gained mutation: You have an increased reservoir of magic. (+10% MP) [potion of mutation]
  1897 | D:2      | Gained mutation: Your spells are a little harder to cast, but a little more powerful. [potion of mutation]
  1936 | D:3      | Noticed a scorpion
  1943 | D:3      | Killed a scorpion
  1943 | D:3      | Reached XP level 4. HP: 24/24 MP: 7/13
  1949 | D:3      | Learned a level 4 spell: Summon Ice Beast
  1954 | D:3      | Learned a level 4 spell: Summon Lightning Spire
  2240 | D:3      | Noticed Grinder
  2243 | D:3      | Paralysed by Grinder for 7 turns
  2260 | D:3      | Paralysed by Grinder for 5 turns
  2432 | D:3      | Killed Grinder
  2432 | D:3      | Reached skill level 6 in Summonings
  2432 | D:3      | Reached skill level 1 in Ice Magic
  2432 | D:3      | Reached XP level 5. HP: 20/28 MP: 3/15
  2514 | D:3      | Noticed zkyp's ghost (amateur OpGl)
  2533 | D:3      | Killed zkyp's ghost
  2533 | D:3      | Reached skill level 5 in Spellcasting
  3261 | D:4      | Reached XP level 6. HP: 32/32 MP: 11/17
  3367 | D:4      | Noticed Sigmund
  3585 | D:4      | Noticed Ijyb
  3632 | D:4      | Killed Ijyb
  3796 | D:4      | Noticed an ice beast
  3802 | D:4      | Killed an ice beast
  3802 | D:4      | Reached skill level 7 in Summonings
  3874 | D:4      | Gained mutation: You are partially covered in iridescent scales. (AC +2) [potion of mutation]
  3874 | D:4      | Gained mutation: You are clumsy. (Dex -2) [potion of mutation]
  3874 | D:4      | Lost mutation: You are clumsy. (Dex -2) [potion of mutation]
  3898 | D:4      | Noticed zkyp's ghost (amateur OpGl)
  4444 | D:4      | Lost mutation: Your spells are a little harder to cast, but a little more powerful. [potion of mutation]
  4444 | D:4      | Gained mutation: You are somewhat resistant to further mutation. [potion of mutation]
  4599 | D:4      | Reached XP level 7. HP: 36/36 MP: 15/19
  4749 | D:4      | Killed zkyp's ghost
  4749 | D:4      | Reached skill level 8 in Summonings
  5222 | D:4      | Killed Sigmund
  5254 | D:5      | Entered Level 5 of the Dungeon
  5359 | D:5      | Reached skill level 1 in Air Magic
  5678 | D:5      | Learned a level 5 spell: Metabolic Englaciation
  6232 | D:6      | Reached skill level 1 in Hexes
  6236 | D:6      | Reached XP level 8. HP: 38/41 MP: 12/22
  6242 | D:6      | Found a white marble altar of Elyvilon.
  6320 | D:6      | Found a staircase to the Ecumenical Temple.
  6329 | Temple   | Entered the Ecumenical Temple
  6476 | Temple   | Became a worshipper of Sif Muna the Loreminder
  6802 | D:6      | Found Yteigg's Jewellery Emporium.
  7017 | D:7      | Found Witafede's Armour Boutique.
  7109 | D:7      | Reached skill level 9 in Summonings
  7257 | D:7      | Got a brightly glowing buckler
  7263 | D:7      | Identified the +2 buckler of the Ancient Demons {rF+ Str+3 Int+8} (You found it on level 7 of the Dungeon)
  7692 | D:7      | Got an ancient robe
  7703 | D:7      | Identified the cursed +1 robe "Sulasaus" {*Slow rElec rPois Slay+6} (You found it on level 7 of the Dungeon)
  8038 | D:6      | Bought an uncursed ring of wizardry for 330 gold pieces
  8115 | D:8      | Found a staircase to the Lair.
  8115 | D:8      | Noticed a komodo dragon
  8115 | D:8      | Noticed a two-headed ogre
  8123 | D:8      | Killed a two-headed ogre
  8123 | D:8      | Reached * piety under Sif Muna
  8144 | D:8      | Killed a komodo dragon
  8144 | D:8      | Reached skill level 10 in Summonings
  8242 | D:8      | Reached XP level 9. HP: 40/45 MP: 18/25
  8245 | D:8      | Reached skill level 5 in Ice Magic
  8506 | D:8      | Reached ** piety under Sif Muna
  8958 | D:8      | Noticed a three-headed hydra
  8963 | D:8      | Killed a three-headed hydra
  8963 | D:8      | Reached skill level 11 in Summonings
  8994 | D:8      | Noticed Pikel
  8999 | D:8      | Killed Pikel
  8999 | D:8      | Reached *** piety under Sif Muna
  8999 | D:8      | Reached skill level 5 in Hexes
  9176 | D:8      | Noticed Grum
  9192 | D:8      | Killed Grum
  9586 | D:9      | Reached skill level 10 in Spellcasting
  9598 | D:9      | Reached XP level 10. HP: 50/50 MP: 11/28
  9622 | D:9      | Noticed a soul eater
  9952 | D:9      | Noticed an eight-headed hydra
  9958 | D:9      | Slain by a nine-headed hydra

Vault maps used:
D:1:      dpeg_arrival_chambers_temple_mockup
D:2:      kennysheep_six_static_rooms, minmay_rat_gold_closets
D:3:      serial_bayou, serial_bayou_pond_d, serial_bayou_lagoon_a,
          serial_bayou_ford_a, serial_bayou_pond_a, dk_vineyard_3, uniq_grinder
D:4:      wad_orctagon, uniq_ijyb, uniq_sigmund
D:5:      first_ration, dk_noncrumbling_2, hangedman_glass_teeth
D:6:      kennysheep_spiral_hall, elyvilon_altar_5, lemuel_temple_firewalk_a,
          serial_shops, kennysheep_little_box
D:7:      corexii_shack_village, serial_shops, shop
D:8:      david_lair_shrubbed, hangedman_ranch, uniq_grum, uniq_pikel
D:9:      kennysheep_kite_vault
Temple:   roderic_octagonal_lattice_temple

Skill      XL: |  1  2  3  4  5  6  7  8  9 |
---------------+----------------------------+-----
Summonings     | 5 6 7 8 10 11 | 11.4
Spellcasting   | 4 5 7 8 10 | 10.1
Ice Magic      | 1 2 3 4 6 |  6.7
Air Magic      | 1 |  1.1
Hexes          | 1 3 5 |  5.4
Dodging        | |  2.4
Stealth        | |  2.4

Action                   |  1- 3 |  4- 6 |  7- 9 | 10-12 || total
-------------------------+-------+-------+-------+-------++-------
Melee: Unarmed           |    13 |     7 |       |       ||    20
       Spear             |       |    61 |       |       ||    61
       Lajatang          |       |    13 |    26 |     1 ||    40
 Cast: Summon Small Mamm |    21 |       |       |       ||    21
       Call Imp          |    32 |    58 |     5 |       ||    95
       Summon Lightning  |       |    10 |    37 |     2 ||    49
       Summon Ice Beast  |       |     4 |    47 |     2 ||    53
       Metabolic Englaci |       |       |     6 |       ||     6
  Use: Scroll            |     7 |     6 |     9 |       ||    22
       Potion            |     2 |     5 |       |     1 ||     8
 Stab: Distracted        |       |     1 |     1 |       ||     2
       Sleeping          |       |     1 |       |       ||     1
  Eat: Chunk             |     4 |     5 |    19 |       ||    28
       Ration            |       |     2 |     1 |       ||     3
Armor: Robe              |    16 |    15 |    11 |     3 ||    45
Dodge: Dodged            |    42 |    30 |    22 |    14 ||   108

Table legend:
 A = Spawn XP
 B = Non-spawn XP
 C = Spawn XP percentage of total XP
 D = Spawn monster count
 E = Non-spawn monster count
 F = Spawn count percentage of total count
 G = Total turns spent on level
                    A         B        C        D         E        F      G
               +---------+---------+-------+---------+---------+-------+---------
         Total |       0 |    5867 |   0.0 |       0 |     216 |   0.0 |  9958
               +---------+---------+-------+---------+---------+-------+---------
           D:1 |       0 |      23 |   0.0 |       0 |      18 |   0.0 |   922
           D:2 |       0 |      44 |   0.0 |       0 |      34 |   0.0 |  1014
           D:3 |       0 |     304 |   0.0 |       0 |      13 |   0.0 |  1404
           D:4 |       0 |     643 |   0.0 |       0 |      27 |   0.0 |  1914
           D:5 |       0 |     251 |   0.0 |       0 |      18 |   0.0 |   753
           D:6 |       0 |     256 |   0.0 |       0 |      13 |   0.0 |   711
           D:7 |       0 |     475 |   0.0 |       0 |      20 |   0.0 |  1078
           D:8 |       0 |    3112 |   0.0 |       0 |      50 |   0.0 |  1703
           D:9 |       0 |     759 |   0.0 |       0 |      23 |   0.0 |   140
               +---------+---------+-------+---------+---------+-------+---------
